 Dungeon Crawl Stone Soup version 0.32-a0-975-g85d4e5bfdb (webtiles) character file.

Game seed: 5844736855462636250

44 Zeldest the Trooper (level 3, -5/33 HPs)
             Began as a Mountain Dwarf Fighter on Apr 18, 2024.
             Slain by Robin
             ... wielding a +1 whip of electrocution
              (18 damage)
             ... on level 2 of the Dungeon.
             The game lasted 00:00:49 (735 turns).

Zeldest the Trooper (Mountain Dwarf Fighter)         Turns: 735, Time: 00:00:50

Health: -5/33      AC:  7    Str: 20    XL:     3   Next: 39%
Magic:  3/3        EV:  8    Int:  8    God:
Gold:   30         SH:  4    Dex:  9    Spells: 2/2 levels left

rFire   . . .        a - +0 war axe
rCold   . . .        c - +0 buckler
rNeg    . . .        b - +0 scale mail
rPois   .            (no helmet)
rElec   .            (no cloak)
rCorr   .            (no gloves)
SInv    .            (no boots)
Will    .....        (no amulet) Stlth
                     (no ring)
HPRegen 0.25/turn    (no ring)
MPRegen 0.08/turn

%: no passive effects
@: no status effects
A: runic magic, artefact enchanting
a: no special abilities


You were on level 2 of the Dungeon.
You visited 1 branch of the dungeon, and saw 2 of its levels.

You collected 30 gold pieces.

Inventory:

Hand Weapons
 a - a +0 war axe (weapon)
Armour
 b - a +0 scale mail (worn)
 c - a +0 buckler (worn)
Scrolls
 e - 2 scrolls of brand weapon {unknown}
 f - 3 scrolls of noise {unknown}
 h - 2 scrolls of identify {unknown}
Potions
 d - a potion of might
 g - a potion of curing {unknown}
 i - a potion of heal wounds


   Skills:
 + Level 3.7 Fighting
 * Level 3.4 Axes
 + Level 3.7 Armour
 + Level 3.6 Shields


You had 2 spell levels left.
You didn't know any spells.
Your spell library was empty.

Dungeon Overview and Level Annotations

Branches:
Dungeon (2/15) Zot: 11230

Altars:

Annotations:
D:2 Robin


Innate Abilities, Weirdness & Mutations

Your spellcasting is much less encumbered by armour.
You can use scrolls of enchantment on lesser artefacts.


Message History

The kobold throws a stone.
The stone hits you but does no damage.
A goblin comes into view. It is wielding a +0 dagger.
Things that are here:
a +0 club; a hobgoblin corpse; a jackal corpse You slash the goblin!
You kill the goblin!
You hit the kobold.
The kobold is moderately wounded.
You block the kobold's attack. The kobold hits you but does no damage.
You hit the kobold.
The kobold is heavily wounded.
The kobold hits you but does no damage.
You closely miss the kobold.
The kobold is heavily wounded.
You hit Robin.
Robin says, "My goblins will feast on your bones."
Robin hits you but does no damage.
You are electrocuted!
The kobold hits you but does no damage.
You are too injured to fight recklessly!
You are too injured to fight recklessly!
You are too injured to fight recklessly!
You are too injured to fight recklessly!
You barely miss Robin.
Robin is lightly wounded.
You hit the kobold.
You kill the kobold!
You block Robin's attack. x2
You completely miss Robin.
Robin is lightly wounded.
Robin hits you with a +1 whip of electrocution.
You closely miss Robin.
Robin is lightly wounded.
Robin closely misses you.
You barely miss Robin.
Robin is lightly wounded.
Robin hits you with a +1 whip of electrocution.
You are electrocuted!!
Ouch! That really hurt!
You die...
Robin lets out a smug laugh.

#.. #.# #)# ....
#.#.# .... #.#.#
..... #.#.# .....
#†..# #
...g..#<#.#.# ..
..gg..#@).#.#....
......)g.........
#####.#.)†#.#..
#.#...# # # #..<#
#...# #)..# #...#
#...+


You could see Robin.

Vanquished Creatures
  3 bats
  An endoplasm (D:1)
  A giant cockroach (D:1)
  10 goblins
  8 hobgoblins
  4 jackals
  5 kobolds
  2 ball pythons (D:1)
  A frilled lizard (D:1)
  A rat (D:1)
36 creatures vanquished.

Notes
Turn   | Place    | Note
-------+----------+-------------------------------------------
     0 | D:1      | Zeldest the Mountain Dwarf Fighter began the quest for the
                  | Orb.
     0 | D:1      | Reached XP level 1. HP: 19/19 MP: 1/1
   204 | D:1      | Reached XP level 2. HP: 24/26 MP: 2/2
   688 | D:2      | Noticed Robin
   691 | D:2      | Reached XP level 3. HP: 30/31 MP: 3/3
   704 | D:1      | HP: 1/31 [goblin/+0 dagger[Robin] (2)]
   735 | D:2      | Slain by Robin

Illustrated notes

Levels and vault maps discovered:
D:1:      saegor_arrival_fortress, layout_basic
D:2:      layout_basic, basic_altar, moated_statue, minivault_26, uniq_jessica,
          uniq_sigmund, uniq_robin, uniq_natasha

Skill      XL: |  1  2 |
---------------+-------+-----
Axes           | 3 |  3.4
Fighting       | |  3.7
Armour         | |  3.7
Shields        | |  3.6

Action                     || total
---------------------------++-------
  Melee: War axe           ||    85
    Use: Potion            ||     1
 Armour: Scale mail        ||    79
  Dodge: Dodged            ||    36
  Block: Buckler           ||    24

Table legend: (Time is in decaauts)
 A = Elapsed time spent in this place.
 B = Non-inter-level travel time spent in this place.
 C = Inter-level travel time spent in this place.
 D = Time resting spent in this place.
 E = Time spent auto-exploring this place.
 F = Levels seen in this place.
 G = Mean time per level.
                   A        B        C        D        E       F      G
               +--------+--------+--------+--------+--------+-----+--------+
         Total |    767 |    750 |     17 |     33 |    541 |   2 |  383.5 |
       Dungeon |    767 |    750 |     17 |     33 |    541 |   2 |  383.5 |
               +--------+--------+--------+--------+--------+-----+--------+

Top non-repeatable levels by time:
     D:1: 729 daAuts
     D:2: 38 daAuts
